[Event "BL 1213 Wiesbadener SV - SV Mülheim Nor"]
[Site "?"]
[Date "2013.02.03"]
[Round "8.1"]
[White "Fridman, Daniel"]
[Black "Khenkin, Igor"]
[Result "1/2-1/2"]
[WhiteElo "2670"]
[BlackElo "2655"]
[PlyCount "42"]
[EventDate "2013.??.??"]
[TimeControl "120+28"]
[WhiteClock "0:01:01"]
[BlackClock "0:00:40"]

1. d4 Nf6 2. c4 e6 3. Nf3 d5 4. g3 dxc4 5. Bg2 Bb4+ 6. Bd2 a5 7. O-O O-O 8. Bg5
b5 9. Nc3 Ba6 10. a4 bxa4 11. Qxa4 h6 12. Bxf6 Qxf6 13. Ne5 Ra7 14. Na2 c5 15.
Nxb4 axb4 16. Nc6 Nxc6 17. Qxc6 Bb7 18. Qxc5 Rxa1 19. Rxa1 Rc8 20. Qxb4 Bxg2
21. Kxg2 Qxd4 1/2-1/2

[Event "BL 1213 Wiesbadener SV - SV Mülheim Nor"]
[Site "?"]
[Date "2013.02.03"]
[Round "8.2"]
[White "Kurnosov, Igor"]
[Black "Landa, Konstantin"]
[Result "1/2-1/2"]
[WhiteElo "2660"]
[BlackElo "2641"]
[PlyCount "49"]
[EventDate "2013.??.??"]
[TimeControl "120+17"]
[WhiteClock "0:00:20"]
[BlackClock "0:00:22"]

1. e4 e5 2. Nf3 Nf6 3. Nc3 Nc6 4. d4 exd4 5. Nxd4 Bb4 6. Nxc6 bxc6 7. Bd3 d5 8.
exd5 cxd5 9. O-O O-O 10. h3 Re8 11. Qf3 c6 12. Bf4 Be6 13. Ne2 Bd6 14. Rfe1 c5
15. Rad1 Bxf4 16. Nxf4 Qa5 17. b3 Qxa2 18. Bb5 Re7 19. Qc3 Qa3 20. Nxd5 Nxd5
21. Rxd5 Bxd5 22. Rxe7 c4 23. Re3 Qc1+ 24. Kh2 cxb3 25. cxb3 1/2-1/2

[Event "BL 1213 Wiesbadener SV - SV Mülheim Nor"]
[Site "?"]
[Date "2013.02.03"]
[Round "8.3"]
[White "Tregubov, Pavel V"]
[Black "Tazbir, Marcin"]
[Result "1-0"]
[WhiteElo "2601"]
[BlackElo "2555"]
[PlyCount "97"]
[EventDate "2013.??.??"]
[TimeControl "120+32"]
[WhiteClock "0:00:40"]
[BlackClock "0:00:36"]

1. d4 Nf6 2. c4 g6 3. Nc3 d5 4. e3 Bg7 5. cxd5 Nxd5 6. Nxd5 Qxd5 7. Ne2 O-O 8.
Nc3 Qd8 9. Be2 c6 10. O-O e5 11. dxe5 Bxe5 12. e4 Qxd1 13. Rxd1 Nd7 14. f4 Bc7
15. Be3 Re8 16. h3 f6 17. Kf2 Kg7 18. Rac1 Bb6 19. b4 Nf8 20. a4 Bxe3+ 21. Kxe3
Bd7 22. Rd6 Re6 23. Rd4 Re7 24. Rcd1 Rae8 25. g4 Bc8 26. Rd6 Be6 27. Rd8 Kf7
28. b5 Rxd8 29. Rxd8 Re8 30. Rd2 Rc8 31. bxc6 bxc6 32. Rb2 Rc7 33. a5 Ke7 34.
h4 Nd7 35. g5 f5 36. e5 Nc5 37. a6 Bc8 38. Ra2 Be6 39. Ra1 Kd8 40. h5 gxh5 41.
Bxh5 Rd7 42. Be2 Kc7 43. Rh1 Nb3 44. Rh6 Nd4 45. Bd3 Bb3 46. Ne2 Nc2+ 47. Bxc2
Bxc2 48. Nd4 Be4 49. Rf6 1-0

[Event "BL 1213 Wiesbadener SV - SV Mülheim Nor"]
[Site "?"]
[Date "2013.02.03"]
[Round "8.4"]
[White "Bulski, Krzysztof"]
[Black "Berelowitsch, Alexander"]
[Result "0-1"]
[WhiteElo "2547"]
[BlackElo "2565"]
[PlyCount "49"]
[EventDate "2013.??.??"]
[TimeControl "120+40"]
[WhiteClock "0:00:18"]
[BlackClock "0:00:15"]

1. Nf3 d5 2. d4 c5 3. c4 e6 4. cxd5 exd5 5. Nc3 Nc6 6. g3 Nf6 7. Bg2 Be7 8. O-O
O-O 9. dxc5 Bxc5 10. Na4 Be7 11. Be3 Re8 12. Rc1 Bg4 13. Nc5 Bxc5 14. Bxc5 Qd7
15. Re1 h6 16. Qa4 Rac8 17. Be3 a6 18. Nd4 Bh3 19. Nxc6 Bxg2 20. Kxg2 bxc6 21.
Bd4 Ne4 22. b4 Ng5 23. Qxa6 Qh3+ 24. Kg1 Qf5 25. Qd3 0-1

[Event "BL 1213 Wiesbadener SV - SV Mülheim Nor"]
[Site "?"]
[Date "2013.02.03"]
[Round "8.5"]
[White "Feygin, Michael"]
[Black "Poetsch, Hagen"]
[Result "1/2-1/2"]
[WhiteElo "2538"]
[BlackElo "2466"]
[PlyCount "71"]
[EventDate "2013.??.??"]
[TimeControl "120+32"]
[WhiteClock "0:00:07"]
[BlackClock "0:00:06"]

1. e4 e6 2. d4 d5 3. Nc3 Nf6 4. Bg5 dxe4 5. Nxe4 Be7 6. Bxf6 gxf6 7. Nf3 f5 8.
Nc3 a6 9. g3 b5 10. Bg2 Bb7 11. O-O c5 12. dxc5 Bxc5 13. Qxd8+ Kxd8 14. Ne5
Bxg2 15. Kxg2 Ke7 16. Rfd1 Rc8 17. a4 Bb4 18. Ne2 Rxc2 19. Nd4 Rc5 20. Nd3 Rc4
21. Ne5 Rc5 22. Nd3 Rc4 23. Nf3 bxa4 24. Rxa4 a5 25. Rda1 Nc6 26. b3 Re4 27.
Rc1 Ra6 28. Ra2 Bd6 29. Nc5 Bxc5 30. Rxc5 Kd6 31. Rc3 Nb4 32. Rd2+ Nd5 33. Rc4
f6 34. Nd4 Rb6 35. Ra4 Ra6 36. f3 1/2-1/2

[Event "BL 1213 Wiesbadener SV - SV Mülheim Nor"]
[Site "?"]
[Date "2013.02.03"]
[Round "8.6"]
[White "Carlstedt, Jonathan"]
[Black "Levin, Felix"]
[Result "0-1"]
[WhiteElo "2383"]
[BlackElo "2508"]
[PlyCount "98"]
[EventDate "2013.??.??"]
[TimeControl "120+19"]
[WhiteClock "0:00:05"]
[BlackClock "0:00:08"]

1. c4 b6 2. Nc3 Bb7 3. e4 e6 4. Nge2 Nf6 5. Ng3 c5 6. Be2 Nc6 7. f4 h5 8. d3 h4
9. Nf1 d5 10. cxd5 exd5 11. e5 d4 12. Nb5 Nd5 13. Bf3 Ncb4 14. a3 Qd7 15. Nd6+
Bxd6 16. axb4 Be7 17. bxc5 Bxc5 18. Bd2 a5 19. Be4 O-O-O 20. Qc2 Qc7 21. Rc1
Kb8 22. Kf2 Rc8 23. Qb3 Qd7 24. h3 f6 25. exf6 gxf6 26. g4 Qd6 27. f5 Bb4 28.
Qd1 Bxd2 29. Qxd2 Rxc1 30. Qxc1 Rc8 31. Qd1 Qf4+ 32. Qf3 Rc2+ 33. Kg1 Qxf3 34.
Bxf3 Rxb2 35. Rh2 Rxh2 36. Kxh2 Ne3 37. Bxb7 Kxb7 38. g5 Nxf5 39. gxf6 Nd6 40.
Nd2 Kc6 41. Kg2 Kd7 42. Kf3 Ke6 43. Kg4 Kxf6 44. Kxh4 a4 45. Kg4 a3 46. Kf3 a2
47. Nb3 Nb7 48. Ke2 Nc5 49. Na1 b5 0-1

[Event "BL 1213 Wiesbadener SV - SV Mülheim Nor"]
[Site "?"]
[Date "2013.02.03"]
[Round "8.7"]
[White "Hausrath, Daniel"]
[Black "Dubkov, Andrej"]
[Result "1-0"]
[WhiteElo "2484"]
[BlackElo "2327"]
[PlyCount "73"]
[EventDate "2013.??.??"]
[TimeControl "120+40"]
[WhiteClock "0:00:33"]
[BlackClock "0:00:02"]

1. d4 d5 2. Nf3 c6 3. g3 Bg4 4. Bg2 Nd7 5. O-O Ngf6 6. Nbd2 e6 7. Re1 Be7 8. e4
O-O 9. c3 Bh5 10. e5 Ne8 11. Nb3 a5 12. Be3 a4 13. Nc1 c5 14. Nd3 cxd4 15. cxd4
Nc7 16. Nf4 Bg6 17. Nxg6 hxg6 18. Bf1 Nb6 19. b3 Qd7 20. h4 Rfc8 21. Ng5 Bxg5
22. hxg5 Nb5 23. Kg2 Nc3 24. Qg4 axb3 25. axb3 Rxa1 26. Rxa1 Ra8 27. Rc1 Na2
28. Rc5 Nc8 29. Qh4 Ne7 30. g4 b6 31. Bb5 Qd8 32. Rc2 Nb4 33. Rc1 Ra5 34. Rh1
Kf8 35. Qh8+ Ng8 36. Rh7 Ke7 37. Rxg7 1-0

[Event "BL 1213 Wiesbadener SV - SV Mülheim Nor"]
[Site "?"]
[Date "2013.02.03"]
[Round "8.8"]
[White "Nagel, Bernhard"]
[Black "Saltaev, Mihail"]
[Result "0-1"]
[WhiteElo "2218"]
[BlackElo "2479"]
[PlyCount "130"]
[EventDate "2013.??.??"]
[TimeControl "120+16"]
[WhiteClock "0:00:06"]
[BlackClock "0:00:46"]

1. d4 Nf6 2. Nf3 c6 3. c4 d6 4. g3 Nbd7 5. Bg2 e5 6. O-O Be7 7. Nc3 O-O 8. Qc2
Re8 9. Rd1 Bf8 10. dxe5 dxe5 11. Rb1 a5 12. h3 Qc7 13. Na4 Nc5 14. Nxc5 Bxc5
15. e4 Nh5 16. Kh2 g6 17. Ne1 Be6 18. Nd3 Bd4 19. b3 Rad8 20. Bb2 c5 21. Bxd4
Rxd4 22. Ne1 Red8 23. Nf3 R4d7 24. Rxd7 Rxd7 25. Rd1 f6 26. Rd2 Ng7 27. Qd1 Kf7
28. Ne1 Qd8 29. Rxd7+ Qxd7 30. Qxd7+ Bxd7 31. Nd3 b6 32. f4 Ke6 33. Kg1 Kd6 34.
Kf2 Ne6 35. h4 Nd4 36. Bf3 a4 37. Bd1 a3 38. Ke3 h6 39. fxe5+ fxe5 40. Ne1 b5
41. cxb5 Bxb5 42. Nc2 Nxc2+ 43. Bxc2 c4 44. Kd2 cxb3 45. Bxb3 Bc6 46. Bc2 Kc5
47. Kc3 g5 48. hxg5 hxg5 49. Bd3 Be8 50. Bc4 Bg6 51. Bd5 Bh7 52. Kd3 Kb4 53.
Bf7 Kb5 54. Bd5 Bg6 55. Kc3 Kc5 56. g4 Bh7 57. Kd3 Kb4 58. Bf7 Kb5 59. Be8+ Kc5
60. Bf7 Kb4 61. Be6 Bg6 62. Bd5 Be8 63. Be6 Bb5+ 64. Ke3 Bc4 65. Bd5 Kc5 0-1

[Event "BL 1213 SV Griesheim - SF Katernberg"]
[Site "?"]
[Date "2013.02.03"]
[Round "8.1"]
[White "Kryvoruchko, Yuriy"]
[Black "Farago, Ivan"]
[Result "1-0"]
[WhiteElo "2679"]
[BlackElo "2488"]
[PlyCount "65"]
[EventDate "2013.??.??"]
[TimeControl "120+16"]
[WhiteClock "0:00:22"]
[BlackClock "0:00:28"]

1. e4 e6 2. d4 d5 3. Nc3 dxe4 4. Nxe4 Nd7 5. Nf3 Ngf6 6. Nxf6+ Nxf6 7. Bd3 c5
8. Be3 Qc7 9. Qe2 Bd6 10. O-O-O O-O 11. dxc5 Bxc5 12. Bxc5 Qxc5 13. Ne5 b6 14.
g4 Qb4 15. g5 Qf4+ 16. Kb1 Qxg5 17. f4 Qh6 18. Rhg1 Bb7 19. Rg5 Rac8 20. Rdg1
Rc7 21. Rxg7+ Qxg7 22. Rxg7+ Kxg7 23. Qe1 Rg8 24. b3 h6 25. f5 Kf8 26. Qh4 Ke7
27. fxe6 fxe6 28. Qxh6 Rc5 29. Qf4 Rg1+ 30. Kb2 Re1 31. Ng6+ Kf7 32. Nh8+ Ke7
33. Qg3 1-0

[Event "BL 1213 SV Griesheim - SF Katernberg"]
[Site "?"]
[Date "2013.02.03"]
[Round "8.2"]
[White "Murdzia, Piotr"]
[Black "Romanov, Evgeny"]
[Result "1/2-1/2"]
[WhiteElo "2471"]
[BlackElo "2611"]
[PlyCount "104"]
[EventDate "2013.??.??"]
[TimeControl "120+16"]
[WhiteClock "0:00:07"]
[BlackClock "0:00:11"]

1. d4 Nf6 2. c4 c5 3. d5 g6 4. Nc3 Bg7 5. e4 d6 6. h3 O-O 7. Nf3 e6 8. Bd3 Na6
9. O-O Nc7 10. Re1 e5 11. Rb1 Nh5 12. a3 b6 13. Bd2 Qe8 14. Bc2 Ba6 15. Ba4 Qc8
16. Bc6 Bxc4 17. Bxa8 Qxa8 18. Be3 Ba6 19. a4 Qe8 20. g4 Nf6 21. Nd2 Bd3 22.
Rc1 Na6 23. b3 Nb4 24. Nc4 Qd7 25. f3 Ne8 26. Bg5 f6 27. Be3 f5 28. Nb2 Ba6 29.
Nc4 h5 30. Rf1 hxg4 31. hxg4 Nf6 32. Qe2 fxg4 33. fxg4 Nd3 34. Rcd1 Nf4 35.
Bxf4 exf4 36. Rxf4 Bxc4 37. bxc4 Bh6 38. Rf2 Nxg4 39. Rxf8+ Bxf8 40. Rd3 Ne5
41. Rg3 Qf7 42. Qf1 a6 43. Qh3 Nxc4 44. Qc8 Kg7 45. Qxa6 Qf4 46. Ne2 Qxe4 47.
Qb7+ Kg8 48. Kf2 Ne5 49. Qxb6 Qxa4 50. Qb1 Qh4 51. Kg2 Be7 52. Nc3 Qd4 1/2-1/2

[Event "BL 1213 SV Griesheim - SF Katernberg"]
[Site "?"]
[Date "2013.02.03"]
[Round "8.3"]
[White "Firman, Nazar"]
[Black "Izsak, Gyula"]
[Result "1/2-1/2"]
[WhiteElo "2531"]
[BlackElo "2471"]
[PlyCount "133"]
[EventDate "2013.??.??"]
[TimeControl "120+22"]
[WhiteClock "0:02:06"]
[BlackClock "0:01:46"]

1. e4 c5 2. Nf3 e6 3. d3 Nc6 4. g3 d6 5. Bg2 Nf6 6. O-O Be7 7. Nbd2 O-O 8. Re1
Qc7 9. b3 Nd7 10. Bb2 Bf6 11. c3 Nde5 12. Qc2 Nxf3+ 13. Nxf3 d5 14. d4 cxd4 15.
cxd4 Qb6 16. Ba3 Rd8 17. e5 Be7 18. Bc5 Qc7 19. Rac1 Bxc5 20. Qxc5 Qe7 21. Qb5
Qe8 22. Bf1 Rb8 23. Qd3 Qe7 24. h4 Bd7 25. Ng5 g6 26. Re3 Rbc8 27. Rd1 Nb4 28.
Qe2 Rc2 29. Qg4 h6 30. Nh3 h5 31. Qf4 Rdc8 32. Rf3 R2c3 33. Rxc3 Rxc3 34. a3
Nc2 35. Rc1 Rc8 36. Ng5 Rc6 37. Rd1 Nxa3 38. Ra1 Be8 39. Qf6 Qxf6 40. exf6 Nc2
41. Rxa7 Rc8 42. Rxb7 Nxd4 43. b4 Nf5 44. b5 Nd6 45. Re7 Rb8 46. Bd3 Rb7 47.
Rxb7 Nxb7 48. Nf3 Bxb5 49. Bxb5 Nd6 50. Ba4 Ne4 51. Ne5 Nxf6 52. f3 Kg7 53. Kf2
Ng8 54. Nd3 Ne7 55. Bc2 f6 56. Bb3 g5 57. hxg5 fxg5 58. Ne5 Kf6 59. Nd7+ Kg7
60. Ba4 h4 61. gxh4 gxh4 62. Bc2 Ng6 63. Kg2 Nf4+ 64. Kh2 Kf7 65. Ne5+ Kf6 66.
Ng4+ Ke7 67. Ne5 1/2-1/2

[Event "BL 1213 SV Griesheim - SF Katernberg"]
[Site "?"]
[Date "2013.02.03"]
[Round "8.4"]
[White "Horvath, Peter"]
[Black "Chuchelov, Vladimir"]
[Result "0-1"]
[WhiteElo "2434"]
[BlackElo "2543"]
[PlyCount "52"]
[EventDate "2013.??.??"]
[TimeControl "120+24"]
[WhiteClock "0:00:11"]
[BlackClock "0:00:34"]

1. d4 d5 2. c4 c6 3. Nf3 Nf6 4. Nc3 dxc4 5. a4 e6 6. e3 c5 7. Bxc4 Nc6 8. O-O
cxd4 9. exd4 Be7 10. d5 exd5 11. Nxd5 Nxd5 12. Qxd5 Be6 13. Qxd8+ Rxd8 14. Bxe6
fxe6 15. Be3 Rf8 16. Rfd1 Rf5 17. Rxd8+ Kxd8 18. Rd1+ Ke8 19. Nd4 Rd5 20. Rd2
Bb4 21. Nxe6 Rxd2 22. Bxd2 Bxd2 23. Nxg7+ Kf7 24. Nf5 Ke6 25. Ng3 Bc1 26. b3
Nd4 0-1

[Event "BL 1213 SV Griesheim - SF Katernberg"]
[Site "?"]
[Date "2013.02.03"]
[Round "8.5"]
[White "Bischoff, Klaus"]
[Black "Grabarczyk, Miroslaw"]
[Result "1-0"]
[WhiteElo "2519"]
[BlackElo "2450"]
[PlyCount "51"]
[EventDate "2013.??.??"]
[TimeControl "120+23"]
[WhiteClock "0:00:45"]
[BlackClock "0:00:07"]

1. c4 e6 2. Nc3 d5 3. d4 Be7 4. Bf4 Nf6 5. e3 O-O 6. Rc1 c6 7. h3 Nbd7 8. Nf3
b6 9. cxd5 cxd5 10. Bd3 Bb7 11. O-O a6 12. a4 Nb8 13. Ne5 Nfd7 14. Nxd7 Qxd7
15. a5 b5 16. Na4 bxa4 17. Rc7 Qd8 18. Rxb7 a3 19. bxa3 Bd6 20. Bxd6 Qxd6 21.
Qb1 Nc6 22. Rb6 Qd7 23. Rc1 Nxa5 24. Bxh7+ Kh8 25. Bd3 Qe7 26. Rc5 1-0

[Event "BL 1213 SV Griesheim - SF Katernberg"]
[Site "?"]
[Date "2013.02.03"]
[Round "8.6"]
[White "Grabarczyk, Bogdan"]
[Black "Siebrecht, Sebastian"]
[Result "0-1"]
[WhiteElo "2393"]
[BlackElo "2479"]
[PlyCount "68"]
[EventDate "2013.??.??"]
[TimeControl "120+12"]
[WhiteClock "0:00:11"]
[BlackClock "0:00:15"]

1. e4 c5 2. Nf3 e6 3. d4 cxd4 4. Nxd4 a6 5. c4 Nc6 6. Nxc6 bxc6 7. Nc3 Bb4 8.
Qd4 Qf6 9. e5 Qe7 10. Bd3 f6 11. Qg4 Qf7 12. f4 Nh6 13. Qh3 O-O 14. O-O f5 15.
Na4 d5 16. exd6 Bxd6 17. c5 Be7 18. Qf3 Ng4 19. b4 e5 20. Qxc6 Rb8 21. Nb6 Be6
22. h3 e4 23. Bxa6 Bf6 24. hxg4 Bxa1 25. Be3 Bc3 26. a3 Rfd8 27. gxf5 Qxf5 28.
Bc4 Bxc4 29. Nxc4 Rd3 30. Nd6 Qf6 31. Kf2 Bd2 32. Bxd2 Qd4+ 33. Ke1 e3 34. Qe4
Qa1+ 0-1

[Event "BL 1213 SV Griesheim - SF Katernberg"]
[Site "?"]
[Date "2013.02.03"]
[Round "8.7"]
[White "Ris, Robert"]
[Black "Walter, Stefan"]
[Result "1-0"]
[WhiteElo "2394"]
[BlackElo "2358"]
[PlyCount "91"]
[EventDate "2013.??.??"]
[TimeControl "120+35"]
[WhiteClock "0:01:04"]
[BlackClock "0:00:38"]

1. d4 Nf6 2. c4 e6 3. Nc3 Bb4 4. e3 O-O 5. Bd3 c5 6. Nf3 cxd4 7. exd4 d5 8. O-O
dxc4 9. Bxc4 b6 10. Qe2 Bb7 11. Rd1 Bxc3 12. bxc3 Qc7 13. Bd3 Nbd7 14. c4 Rfe8
15. Bb2 Rac8 16. Rac1 Ng4 17. h3 Bxf3 18. Qxf3 Qh2+ 19. Kf1 Ngf6 20. Qg3 Qxg3
21. fxg3 Rc7 22. Ba3 Rec8 23. g4 h6 24. Kf2 Nb8 25. Bd6 Rd7 26. c5 bxc5 27.
dxc5 Rdd8 28. Bb5 Ne4+ 29. Ke3 Nxd6 30. cxd6 Rxc1 31. Rxc1 a6 32. Ba4 g6 33.
Rc7 Kg7 34. Rb7 Kf6 35. Ke4 Rc8 36. Kd4 Rd8 37. Kc5 Ke5 38. d7 f5 39. gxf5 exf5
40. Rxb8 Rxb8 41. Kc6 Rb4 42. d8=Q Rxa4 43. Qd6+ Ke4 44. Qxg6 h5 45. Qxh5 Rxa2
46. Qf3+ 1-0

[Event "BL 1213 SV Griesheim - SF Katernberg"]
[Site "?"]
[Date "2013.02.03"]
[Round "8.8"]
[White "Janoszka, Arnd"]
[Black "Scholz, Christian"]
[Result "1-0"]
[WhiteElo "2349"]
[BlackElo "2389"]
[PlyCount "97"]
[EventDate "2013.??.??"]
[TimeControl "120+22"]
[WhiteClock "0:00:25"]
[BlackClock "0:00:13"]

1. c4 e5 2. g3 Nf6 3. Bg2 d5 4. cxd5 Nxd5 5. Nc3 Nb6 6. Nf3 Nc6 7. O-O Be7 8.
d3 O-O 9. b3 Be6 10. Bb2 Qd7 11. Ne4 f6 12. Rc1 a5 13. d4 a4 14. dxe5 axb3 15.
Qxd7 Nxd7 16. exf6 gxf6 17. axb3 Bxb3 18. Nd4 Nxd4 19. Bxd4 Ra4 20. e3 Bc4 21.
Rxc4 Rxc4 22. Nxf6+ Nxf6 23. Bxf6 Rxf6 24. Bd5+ Kg7 25. Bxc4 Rc6 26. Bd5 Rb6
27. Rc1 c6 28. Be4 Rb4 29. Bf5 h6 30. Rb1 Kf6 31. Rxb4 Bxb4 32. Bc8 b6 33. f4
Ke7 34. Kf2 Kd6 35. e4 c5 36. Ke3 c4 37. Kd4 Bc5+ 38. Kxc4 Bg1 39. e5+ Kc7 40.
Bg4 Bxh2 41. Kd5 Bxg3 42. f5 Kd8 43. f6 Bh4 44. Bh5 b5 45. Ke6 b4 46. Kf7 b3
47. e6 b2 48. e7+ Kc7 49. Bg6 1-0

[Event "BL 1314 Werder Bremen - SV Wattenscheid"]
[Site "?"]
[Date "2014.02.09"]
[Round "8.1"]
[White "Hansen, Eric"]
[Black "McShane, Luke J"]
[Result "0-1"]
[ECO "C65"]
[WhiteElo "2562"]
[BlackElo "2684"]
[PlyCount "112"]
[EventDate "2014.??.??"]
[TimeControl "120+28"]
[WhiteClock "0:00:49"]
[BlackClock "0:00:04"]

1. e4 e5 2. Nf3 Nc6 3. Bb5 Nf6 4. d3 Bc5 5. c3 O-O 6. O-O d6 7. h3 Ne7 8. d4
Bb6 9. Bd3 Ng6 10. Re1 Nh5 11. Be3 Nhf4 12. Bf1 exd4 13. Bxd4 f5 14. e5 dxe5
15. Nxe5 Nxe5 16. Bxe5 Ng6 17. Bd4 c5 18. Be3 f4 19. Qxd8 Rxd8 20. Bc1 Bf5 21.
Nd2 Re8 22. Rxe8+ Rxe8 23. Nf3 h6 24. Bd2 Kf8 25. c4 Be4 26. Be2 Bc7 27. Bc3 b6
28. Nd2 Bf5 29. Kf1 Be5 30. Rc1 Rd8 31. Nf3 Bxc3 32. Rxc3 Ke7 33. a3 Kf6 34.
Ke1 Ne5 35. Nxe5 Kxe5 36. h4 g5 37. hxg5 hxg5 38. g3 Rh8 39. gxf4+ gxf4 40. Bf3
Kd4 41. Bd5 b5 42. Kd2 a5 43. Ke2 Rb8 44. Bf7 b4 45. Rc1 bxa3 46. Rd1+ Ke5 47.
bxa3 Bg4+ 48. f3 Rb2+ 49. Kd3 Bxf3 50. Re1+ Kf6 51. Bd5 Bg4 52. Kc3 Re2 53. Rb1
Re3+ 54. Kd2 Ke5 55. Rb8 Kd4 56. Rf8 Re2+ 0-1

[Event "BL 1314 Werder Bremen - SV Wattenscheid"]
[Site "?"]
[Date "2014.02.09"]
[Round "8.2"]
[White "Areshchenko, Alexander"]
[Black "Rustemov, Alexander"]
[Result "1-0"]
[ECO "C02"]
[WhiteElo "2706"]
[BlackElo "2525"]
[PlyCount "57"]
[EventDate "2014.??.??"]
[TimeControl "120+16"]
[WhiteClock "0:00:16"]
[BlackClock "0:00:32"]

1. e4 e6 2. d4 d5 3. e5 c5 4. c3 Qb6 5. Nf3 Bd7 6. Bd3 cxd4 7. Nxd4 Bc5 8. O-O
Bxd4 9. cxd4 Qxd4 10. Nc3 a6 11. Re1 Bc6 12. Ne2 Qxe5 13. Ng3 Qc7 14. Qg4 g6
15. Qd4 f6 16. Rxe6+ Kf7 17. Bf4 Qc8 18. Re3 a5 19. Rae1 Qd7 20. h4 Na6 21. h5
Nc7 22. Bxc7 Qxc7 23. Qg4 Kf8 24. hxg6 hxg6 25. Bxg6 Rd8 26. Qd4 Rh6 27. Qc5+
Qd6 28. Re8+ Bxe8 29. Rxe8+ 1-0

[Event "BL 1314 Werder Bremen - SV Wattenscheid"]
[Site "?"]
[Date "2014.02.09"]
[Round "8.3"]
[White "Appel, Ralf"]
[Black "Efimenko, Zahar"]
[Result "0-1"]
[ECO "A01"]
[WhiteElo "2527"]
[BlackElo "2655"]
[PlyCount "60"]
[EventDate "2014.??.??"]
[TimeControl "120+25"]
[WhiteClock "0:00:01"]
[BlackClock "0:00:16"]

1. b3 Nf6 2. Bb2 g6 3. g4 Bg7 4. e3 O-O 5. Bg2 d5 6. g5 Ne8 7. Bxg7 Nxg7 8. Nc3
c6 9. Qe2 e5 10. h4 b5 11. Bh3 Nd7 12. a4 b4 13. Na2 c5 14. Qf3 e4 15. Qg3 Qe7
16. Qc7 Qe5 17. Qxe5 Nxe5 18. O-O-O f6 19. Rh2 fxg5 20. hxg5 Bxh3 21. Nxh3 Ne6
22. Rg2 a5 23. d3 Rad8 24. Rg3 exd3 25. cxd3 c4 26. dxc4 dxc4 27. Rxd8 Rxd8 28.
bxc4 Nc5 29. Nf4 Nxc4 30. Rg1 Rd2 0-1

[Event "BL 1314 Werder Bremen - SV Wattenscheid"]
[Site "?"]
[Date "2014.02.09"]
[Round "8.4"]
[White "Edouard, Romain"]
[Black "Handke, Florian"]
[Result "1-0"]
[ECO "D15"]
[WhiteElo "2661"]
[BlackElo "2543"]
[PlyCount "73"]
[EventDate "2014.??.??"]
[TimeControl "120+43"]
[WhiteClock "0:00:07"]

1. d4 d5 2. c4 c6 3. Nf3 Nf6 4. Nc3 a6 5. c5 g6 6. h3 Bg7 7. Bf4 O-O 8. e3 Bf5
9. Qb3 Qc8 10. Be2 Nbd7 11. O-O Ne4 12. Bh2 Re8 13. Nxe4 Bxe4 14. Ng5 Nf6 15.
Nxe4 Nxe4 16. Rad1 e5 17. f3 Ng5 18. dxe5 Ne6 19. Qc3 Bf8 20. b4 a5 21. a3 axb4
22. axb4 b6 23. cxb6 Qb7 24. Rb1 Ra2 25. Rfe1 Qxb6 26. Kh1 Rea8 27. b5 c5 28.
f4 R8a3 29. Qc1 c4 30. e4 dxe4 31. Qxc4 Ra4 32. Qc6 Qf2 33. Bg1 Qh4 34. Bf1
Qxf4 35. b6 Ng5 36. b7 R4a3 37. Qf6 1-0

[Event "BL 1314 Werder Bremen - SV Wattenscheid"]
[Site "?"]
[Date "2014.02.09"]
[Round "8.5"]
[White "Hirneise, Tobias"]
[Black "Hracek, Zbynek"]
[Result "0-1"]
[ECO "B84"]
[WhiteElo "2450"]
[BlackElo "2635"]
[PlyCount "112"]
[EventDate "2014.??.??"]
[TimeControl "120+25"]
[WhiteClock "0:00:44"]
[BlackClock "0:00:52"]

1. e4 c5 2. Nf3 d6 3. d4 cxd4 4. Nxd4 Nf6 5. Nc3 a6 6. Be3 e6 7. Be2 Qc7 8. a3
b5 9. g4 Bb7 10. f3 h6 11. Qd2 d5 12. exd5 Nxd5 13. Nxd5 Bxd5 14. O-O-O Nc6 15.
Bf4 Qb6 16. Nxc6 Qxc6 17. Be5 Rc8 18. Rhe1 f6 19. Bc3 Bxa3 20. bxa3 Qxc3 21.
Qxc3 Rxc3 22. Bxb5+ Kf7 23. Bxa6 Rxa3 24. Be2 h5 25. h3 hxg4 26. hxg4 Rh2 27.
f4 Rf2 28. Rd4 Bf3 29. Rd7+ Ke8 30. Bb5 Ra1+ 31. Kb2 Rxe1 32. Rd2+ Ke7 33. Rxf2
Bxg4 34. Kc3 e5 35. Kd2 Rd1+ 36. Ke3 exf4+ 37. Rxf4 Be6 38. Bd3 g5 39. Ra4 f5
40. Ra6 Re1+ 41. Kf2 Re5 42. Bf1 Rc5 43. c4 Bxc4 44. Bxc4 Rxc4 45. Rg6 Rg4 46.
Kf3 Kf7 47. Ra6 Rf4+ 48. Kg3 Re4 49. Rb6 Re3+ 50. Kf2 Re6 51. Rb5 Kg6 52. Ra5
g4 53. Ra4 Kg5 54. Rb4 f4 55. Rb2 g3+ 56. Kf1 f3 0-1

[Event "BL 1314 Werder Bremen - SV Wattenscheid"]
[Site "?"]
[Date "2014.02.09"]
[Round "8.6"]
[White "Babula, Vlastimil"]
[Black "Straeter, Timo"]
[Result "1/2-1/2"]
[ECO "D63"]
[WhiteElo "2585"]
[BlackElo "2334"]
[PlyCount "41"]
[EventDate "2014.??.??"]
[TimeControl "120+14"]
[WhiteClock "0:00:27"]
[BlackClock "0:00:44"]

1. d4 d5 2. Nf3 Nf6 3. c4 e6 4. Nc3 Be7 5. Bg5 O-O 6. e3 Nbd7 7. Rc1 a6 8. b3
h6 9. Bh4 b6 10. Bd3 Bb7 11. O-O c5 12. Qe2 Ne4 13. Bxe7 Qxe7 14. cxd5 Nxc3 15.
Rxc3 Bxd5 16. Rfc1 Rfd8 17. dxc5 Nxc5 18. Bb1 e5 19. Nd2 a5 20. Nc4 Bxc4 21.
Rxc4 1/2-1/2

[Event "BL 1314 Werder Bremen - SV Wattenscheid"]
[Site "?"]
[Date "2014.02.09"]
[Round "8.7"]
[White "Thiel, Thomas"]
[Black "Bluebaum, Matthias"]
[Result "1/2-1/2"]
[ECO "B13"]
[WhiteElo "2310"]
[BlackElo "2517"]
[PlyCount "39"]
[EventDate "2014.??.??"]
[TimeControl "120+17"]
[WhiteClock "0:01:12"]
[BlackClock "0:00:56"]

1. c4 c6 2. e4 d5 3. exd5 cxd5 4. d4 Nf6 5. Nc3 Nc6 6. Nf3 Bg4 7. cxd5 Nxd5 8.
Qb3 Bxf3 9. gxf3 Nb6 10. Be3 e6 11. O-O-O Qc7 12. Kb1 Be7 13. d5 Nxd5 14. Nxd5
exd5 15. Rxd5 O-O 16. f4 Rad8 17. Bg2 Bf6 18. Rhd1 Rxd5 19. Rxd5 Rc8 20. Qc4
1/2-1/2

[Event "BL 1314 Werder Bremen - SV Wattenscheid"]
[Site "?"]
[Date "2014.02.09"]
[Round "8.8"]
[White "Fish, Gennadij"]
[Black "Wolf, Ulrich"]
[Result "1-0"]
[ECO "D26"]
[WhiteElo "2458"]
[BlackElo "2076"]
[PlyCount "57"]
[EventDate "2014.??.??"]
[TimeControl "120+26"]
[WhiteClock "0:00:14"]
[BlackClock "0:00:01"]

1. d4 Nf6 2. c4 e6 3. Nc3 Bb4 4. e3 c5 5. Bd3 cxd4 6. exd4 O-O 7. Nf3 d5 8. O-O
Nc6 9. Bg5 dxc4 10. Bxc4 Be7 11. a3 a6 12. Rc1 b5 13. Ba2 Bb7 14. Qd3 Rc8 15.
Bb1 g6 16. Rfd1 Re8 17. Ba2 Qd6 18. Qe2 Rcd8 19. h3 b4 20. Na4 bxa3 21. bxa3
Qxa3 22. Nc5 Bc8 23. Nxe6 Rd6 24. Nc7 Red8 25. d5 Nb4 26. Qxe7 R8d7 27. Qe5
Nxa2 28. Bxf6 Rxf6 29. Ne8 1-0

[Event "BL 1314 Hamburger SK - SV Mülheim Nord"]
[Site "?"]
[Date "2014.02.09"]
[Round "8.1"]
[White "Vachier-Lagrave, Maxime"]
[Black "Wojtaszek, Radoslaw"]
[Result "1/2-1/2"]
[ECO "A09"]
[WhiteElo "2745"]
[BlackElo "2715"]
[PlyCount "75"]
[EventDate "2014.??.??"]
[TimeControl "120+14"]
[WhiteClock "0:00:16"]
[BlackClock "0:00:17"]

1. Nf3 Nf6 2. g3 d5 3. Bg2 c5 4. c4 d4 5. b4 cxb4 6. a3 bxa3 7. Bxa3 Nc6 8. d3
g6 9. Nbd2 Bg7 10. Ra2 O-O 11. Qa1 Ne8 12. O-O Nc7 13. Rb1 Ne6 14. Nb3 Rb8 15.
Bb2 b6 16. Nfd2 Bb7 17. Bxc6 Bxc6 18. Rxa7 Re8 19. Nf3 Bxf3 20. exf3 b5 21.
cxb5 Qd5 22. Nd2 Bh6 23. Bc1 Bxd2 24. Bxd2 Rxb5 25. Kg2 Rxb1 26. Qxb1 h5 27. h4
Ng7 28. Ra5 Qc6 29. Qa2 Qe6 30. Qxe6 Nxe6 31. Bb4 Nc7 32. f4 e6 33. Kf3 Nd5 34.
Bc5 Ne7 35. Bxd4 Nc6 36. Ra4 Nxd4+ 37. Rxd4 Kg7 38. Rd7 1/2-1/2